 Dungeon Crawl Stone Soup version 0.27.0-1-g7a089689b8 (webtiles) character file.

Game seed: 15055951768994868039

10875 shadowrider38 the Severer (level 11, -1/141 HPs)
             Began as a Minotaur Berserker on Aug 4, 2021.
             Was a High Priest of Trog.
             Slain by a frost giant (3 damage)
             ... on level 12 of the Dungeon on Aug 5, 2021.
             The game lasted 00:27:34 (13354 turns).

shadowrider38 the Severer (Minotaur Berserker)     Turns: 13354, Time: 00:27:34

Health: -1/141     AC: 19    Str: 26    XL:     11   Next: 41%
Magic:  10/10      EV:  5    Int:  4    God:    Trog [*****.]
Gold:   340        SH:  7    Dex:  9    Spells: 10/10 levels left

rFire    . . .     SeeInvis .   a - +6 war axe
rCold    . . .     Faith    .   d - +0 kite shield
rNeg     . . .     Spirit   .   A - +0 plate armour
rPois    .         Reflect  .   (helmet restricted)
rElec    .         Harm     .   p - +0 cloak
rCorr    .         Rampage  .   o - +1 pair of gloves
Will     +....                  (no boots)
Stlth    ..........             (no amulet)
HPRegen  0.33/turn              m - ring of willpower
MPRegen  0.12/turn              (no ring)

@: berserking (expiring), very quick
A: horns 2, retaliatory headbutt
a: Renounce Religion, Berserk, Trog's Hand, Brothers in Arms


You were on level 12 of the Dungeon.
You worshipped Trog.
Trog was extremely pleased with you.
You visited 2 branches of the dungeon, and saw 12 of its levels.

You collected 340 gold pieces.

Inventory:

Hand Weapons
 a - a +6 war axe (weapon)
Missiles
 c - 7 javelins (quivered)
 v - 2 throwing nets
Armour
 d - a +0 kite shield (worn)
 o - a +1 pair of gloves (worn)
 p - a +0 cloak (worn)
 A - a +0 plate armour (worn)
Jewellery
 m - a ring of willpower (left hand)
 B - a ring of flight
Wands
 u - a wand of charming (10)
 y - a wand of iceblast (22)
Scrolls
 e - a scroll of magic mapping
 f - 3 scrolls of fog {unknown}
 n - a scroll of summoning
 r - a scroll of fear {unknown}
 s - 2 scrolls of amnesia {unknown}
 w - 3 scrolls of noise {unknown}
 x - a scroll of immolation {unknown}
 D - a scroll of teleportation
Potions
 b - a potion of haste
 g - 2 potions of invisibility
 h - 6 potions of curing {unknown}
 i - a potion of lignification
 j - a potion of berserk rage
 k - 4 potions of degeneration
 l - 4 potions of attraction {unknown}
 q - 3 potions of mutation {unknown}
 t - a potion of heal wounds {unknown}
 z - a potion of flight {unknown}
 C - a potion of magic {unknown}


   Skills:
 + Level 8.2 Fighting
 - Level 2.0 Long Blades
 - Level 16.4 Axes
 - Level 11.0 Armour
 - Level 2.1 Dodging


You had 10 spell levels left.
You didn't know any spells.
Your spell library was empty.

Dungeon Overview and Level Annotations

Branches:
Dungeon (10/15)            Temple (1/1) D:7             Orc (0/2) D:10
   Lair: D:8-11

Altars:
Ashenzari
Cheibriados
Dithmenos
Elyvilon
Fedhas
Gozag
Hepliaklqana
Kikubaaqudgha
Makhleb
Nemelex Xobeh
Okawaru
Qazlal
Ru
Sif Muna
Trog
Uskayaw
Vehumet
Wu Jian
Xom
Yredelemnul
Zin
The Shining One

Annotations:
D:8 3 runed translucent doors, horus123's ghost, novice DECj


Innate Abilities, Weirdness & Mutations

You have a pair of horns on your head.
You reflexively headbutt those who attack you in melee.


Message History

You slash the frost giant!
The frost giant is lightly wounded.
You barely miss the frost giant.
The frost giant is lightly wounded.
You hit the manticore. The frost giant casts a spell at you.
The bolt of cold hits you!!!
You slice the frost giant!!
The frost giant is heavily wounded.
You slash the manticore! The manticore bites you!
The manticore claws you but does no damage.
The manticore barely misses you.
The frost giant hits you with a +0 battleaxe of freezing!
* * * LOW HITPOINT WARNING * * *
The frost giant freezes you.
* * * LOW HITPOINT WARNING * * *
You slice the frost giant!! Your headbutt misses the frost giant.
The frost giant is severely wounded.
You slash the manticore! You block the manticore's attack.
The manticore claws you!
* * * LOW HITPOINT WARNING * * *
You block the manticore's attack.
You slice the frost giant!! Your headbutt misses the frost giant.
The frost giant is almost dead.
You hit the manticore.
The frost giant hits you with a +0 battleaxe of freezing!
* * * LOW HITPOINT WARNING * * *
The frost giant freezes you.
* * * LOW HITPOINT WARNING * * *
You slash the frost giant!
The frost giant is almost dead.
You slash the manticore! The manticore closely misses you.
The manticore claws you.
* * * LOW HITPOINT WARNING * * *
The manticore claws you.
* * * LOW HITPOINT WARNING * * *
The frost giant hits you with a +0 battleaxe of freezing!
* * * LOW HITPOINT WARNING * * *
The frost giant freezes you.
You die...

### ..#
######.#
#)[$$..#
#|$)$HC#
######@#
#......#
#.######
#..†...#
######.#
[.......#
#########


You could see a frost giant and a manticore.

Vanquished Creatures
  A war gargoyle (D:12)
  Harold (D:8)
  A death knight (D:9)
  A two-headed ogre (D:10)
  Erica (D:9)
  Pikel (D:5)
  An ugly thing (D:8)
  A manticore (D:12)
  Maggie (D:9)
  A troll (D:10)
  2 hornets
  A meliai zombie (D:10)
  2 wyverns
  A vampire (D:10)
  2 wraiths (D:9)
  A yak (D:10)
  2 steam dragons
  A water moccasin (D:5)
  An acid dragon (D:10)
  2 orc warriors
  A sky beast (D:5)
  An ice beast (D:7)
  3 ogres (D:5)
  2 centaurs
  4 kobold brigands
  3 bullfrogs
  A gnoll sergeant (D:8)
  5 scorpions
  A water moccasin skeleton (D:4)
  12 wights
  2 electric eels (D:9)
  A bullfrog zombie (D:5)
  2 centaur zombies
  A bullfrog skeleton (D:5)
  2 hounds (D:5)
  5 orc priests
  3 gnoll shamans
  Jessica (D:3)
  3 iguanas
  Natasha (twice) (D:2)
  4 orc wizards
  2 killer bee zombies
  A hound zombie (D:4)
  A howler monkey zombie (D:10)
  3 adders
  26 gnolls
  A shadow imp (D:6)
  A white imp (D:8)
  2 adder skeletons
  3 worms
  2 dart slugs
  49 orcs
  5 bats
  7 endoplasms
  5 giant cockroaches
  13 goblins
  6 hobgoblins
  A jackal (D:2)
  2 quokkas
  7 ball pythons
  2 frilled lizards
  20 kobolds
  5 rats
248 creatures vanquished.

Vanquished Creatures (others)
  3 fungi (D:1)
  10 plants
13 creatures vanquished.

Grand Total: 261 creatures vanquished

Notes
Turn   | Place    | Note
-------+----------+-------------------------------------------
     0 | D:1      | shadowrider38 the Minotaur Berserker began the quest for
                  | the Orb.
     0 | D:1      | Reached XP level 1. HP: 19/19 MP: 0/0
    41 | D:1      | Reached skill level 4 in Axes
    41 | D:1      | Reached XP level 2. HP: 17/26 MP: 1/1
   535 | D:1      | Reached skill level 5 in Axes
   818 | D:1      | Reached XP level 3. HP: 31/31 MP: 2/2
   842 | D:1      | Found a faded altar of an unknown god.
  1303 | D:2      | Reached ** piety under Trog
  1572 | D:2      | Reached skill level 6 in Axes
  1572 | D:2      | Reached XP level 4. HP: 39/39 MP: 3/3
  1573 | D:2      | Noticed Natasha
  1764 | D:2      | Killed Natasha
  1971 | D:2      | Reached skill level 7 in Axes
  1971 | D:2      | Reached XP level 5. HP: 32/45 MP: 4/4
  2187 | D:2      | Noticed Natasha
  2195 | D:2      | Killed Natasha
  2402 | D:2      | Reached skill level 8 in Axes
  2771 | D:3      | Reached *** piety under Trog
  2914 | D:3      | Noticed Jessica
  2919 | D:3      | Killed Jessica
  2920 | D:3      | Reached XP level 6. HP: 51/51 MP: 5/5
  3859 | D:4      | Reached skill level 9 in Axes
  4234 | D:4      | Reached XP level 7. HP: 40/57 MP: 6/6
  4658 | D:5      | Entered Level 5 of the Dungeon
  4667 | D:5      | Reached skill level 10 in Axes
  5081 | D:5      | Reached skill level 11 in Axes
  5156 | D:5      | Reached **** piety under Trog
  5233 | D:5      | Noticed Pikel
  5240 | D:5      | Killed Pikel
  5241 | D:5      | Reached skill level 12 in Axes
  5241 | D:5      | Reached XP level 8. HP: 64/64 MP: 7/7
  5365 | D:5      | Identified the +8 falchion of the Chain {holy, Fragile
                  | rElec Str+6}
  5930 | D:5      | Reached skill level 13 in Axes
  6492 | D:6      | You fall into a shaft and drop 1 floor!
  6648 | D:7      | Reached skill level 1 in Long Blades
  6648 | D:7      | Reached XP level 9. HP: 56/70 MP: 8/8
  6909 | D:7      | Found a staircase to the Ecumenical Temple.
  6931 | Temple   | Entered the Ecumenical Temple
  7196 | D:7      | Reached skill level 14 in Axes
  8072 | D:8      | Found a runed translucent gate.
  8075 | D:8      | Found a runed translucent gate.
  8075 | D:8      | Found a runed translucent gate.
  8075 | D:8      | Noticed a manticore
  8075 | D:8      | Noticed a cyclops
  8076 | D:8      | Noticed horus123's ghost (novice DECj)
  8237 | D:8      | Noticed Harold
  8246 | D:8      | Killed Harold
  8247 | D:8      | Reached skill level 15 in Axes
  8794 | D:8      | Reached skill level 16 in Axes
  8803 | D:8      | Reached ***** piety under Trog
  9082 | D:8      | Noticed a cyan ugly thing
  9091 | D:8      | Killed a cyan ugly thing
  9092 | D:8      | Reached XP level 10. HP: 77/77 MP: 9/9
 10501 | D:8      | Reached skill level 5 in Armour
 10693 | D:9      | Noticed Erica
 10707 | D:9      | Killed Erica
 11021 | D:9      | Noticed Maggie
 11029 | D:9      | Killed Maggie
 11207 | D:9      | Noticed a death knight
 11396 | D:9      | Killed a death knight
 11566 | D:9      | Found an ancient bone altar of Kikubaaqudgha.
 11987 | D:9      | Reached skill level 10 in Armour
 12296 | D:10     | Entered Level 10 of the Dungeon
 12318 | D:10     | Noticed a two-headed ogre
 12331 | D:10     | Killed a two-headed ogre
 12332 | D:10     | Reached XP level 11. HP: 82/82 MP: 10/10
 12400 | D:10     | Found a staircase to the Orcish Mines.
 13115 | D:10     | Reached skill level 5 in Fighting
 13264 | D:10     | You fall into a shaft and drop 2 floors!
 13341 | D:12     | Noticed a frost giant
 13341 | D:12     | Noticed a war gargoyle
 13346 | D:12     | Killed a war gargoyle
 13354 | D:12     | HP: 2/141 [frost giant (12)]
 13354 | D:12     | Slain by a frost giant

Illustrated notes

Levels and vault maps discovered:
D:1:      elethiomel_arrival_fortress_basement, layout_basic,
          dreamdust_ecumenical_altar_grove, amcnicky_mini_pool_small,
          minmay_stone_trees_small
D:2:      layout_loops_cross, minmay_vboxes, uniq_natasha
D:3:      layout_basic, minmay_misc_feat_x, uniq_jessica
D:4:      minmay_door_path, layout_basic, grunt_ministairs_14
D:5:      layout_basic, uniq_pikel
D:6:      layout_basic, minmay_misc_feat_roman, kennysheep_opposing_triangles,
          uniq_grinder
D:7:      layout_loops_cross, minmay_temple_entry_grid
D:8:      layout_cave_pools, special_room [special_room_orc],
          gammafunk_ghost_split, uniq_harold
D:9:      layout_long_grid, nicolae_overflow_hidden_temple, serial_bayou,
          serial_bayou_pond_d, serial_bayou_shore_b, serial_bayou_shore_a,
          serial_bayou_pond_b, kennysheep_small_square, uniq_maggie, uniq_erica
D:10:     layout_long_grid, orc_0_dummy, palyth_stone_intersect
D:12:     minmay_two_paths, layout_irregular_city, gammafunk_ghost_grave,
          minmay_door_square, grunt_decor_junction
Temple:   nicolae_temple_the_god_donut

Skill      XL: |  1  2  3  4  5  6  7  8  9 10 11 |
---------------+----------------------------------+-----
Axes           | 4 5 6 7 8 9 12 13 16 | 16.4
Long Blades    | 1 2 |  2.0
Armour         | 10 11 | 11.0
Fighting       | 8 |  8.2
Dodging        | |  2.1

Action                   |  1- 3 |  4- 6 |  7- 9 | 10-12 || total
-------------------------+-------+-------+-------+-------++-------
Melee: Hand axe          |    57 |    43 |       |       ||   100
       Headbutt          |     6 |    25 |    50 |    26 ||   107
       War axe           |       |   101 |    92 |   146 ||   339
       Falchion          |       |       |   132 |    21 ||   153
Throw: Javelin           |     1 |       |       |    21 ||    22
Invok: Berserk           |     3 |     2 |    10 |    14 ||    29
       Trog's Hand       |       |     1 |       |       ||     1
  Use: Scroll            |       |     2 |     8 |     2 ||    12
Armor: Chain mail        |    11 |    64 |       |       ||    75
       Scale mail        |     3 |       |       |       ||     3
       Animal skin       |     1 |       |       |       ||     1
       Ring mail         |       |       |    80 |       ||    80
       Plate armour      |       |       |    42 |   123 ||   165
Dodge: Dodged            |    34 |    48 |    87 |    47 ||   216
Block: Kite shield       |       |       |   107 |    68 ||   175
       Rpst.: Falchion   |       |       |    13 |     1 ||    14
